 Dungeon Crawl Stone Soup version 0.14-a0-788-g14b720c (webtiles) character file.

49 Bloax the Skirmisher (level 2, 0/24 HPs)
             Began as a Formicid Berserker on Nov 10, 2013.
             Was a Follower of Trog.
             Succumbed to a goblin's poison
             ... on Level 2 of the Dungeon.
             The game lasted 00:00:46 (145 turns).

Bloax the Skirmisher (Formicid Berserker)            Turns: 145, Time: 00:00:47

HP   0/24        AC  3     Str 21      XL: 2   Next: 82%
MP   1/1         EV 12     Int 11      God: Trog [*.....]
Gold 35          SH  0     Dex 10      Spells:  0 memorised,  1 level left

Res.Fire  : + . .   See Invis. : +   a - +0 hand axe
Res.Cold  : + . .   Warding    : .   b - +0 animal skin
Life Prot.: . . .   Conserve   : .   (no shield)
Res.Poison: .       Res.Corr.  : .   (helmet unavailable)
Res.Elec. : +       Clarity    : .   (no cloak)
Sust.Abil.: . .     Spirit.Shd : .   (no gloves)
Res.Mut.  : .       Stasis     : +   (no boots)
Res.Rott. : .       Flight     : .   (no amulet)
Saprovore : . . .                    (no ring)
                                     (no ring)

@: brilliant, very poisoned, not resistant to hostile enchantments, unstealthy
A: permanent stasis, dig shafts and tunnels, four strong arms, poison weakness,
antennae 3, exoskeleton 1
a: Dig, Shaft Self, Burn Spellbooks, Berserk, Renounce Religion


You were on level 2 of the Dungeon.
You worshipped Trog.
Trog was aware of your devotion.
You were not hungry.

You visited 1 branch of the dungeon, and saw 2 of its levels.

You collected 35 gold pieces.


Innate Abilities, Weirdness & Mutations

Your are under a permanent stasis effect.
You can dig through walls and to a lower floor.
Your four strong arms can wield any weapon, most with a shield.
You are susceptible to poison.
You have a pair of large antennae on your head (SInv).
Your body is surrounded by an exoskeleton. (HP +5, AC +1)


   Skills:
 + Level 3.5 Fighting
 + Level 3.3 Axes
 - Level 2.4 Armour
 - Level 1.7 Dodging


You had one spell level left.
You didn't know any spells.

Dungeon Overview and Level Annotations

Branches:
Dungeon (2/27)

Altars:

Inventory:

Hand weapons
 a - a +0,+0 hand axe (weapon)
Armour
 b - a +0 animal skin (worn)
Comestibles
 c - a bread ration
 f - a pear

#########
.........#
#@# #.#
#.# #.#
#)# #.#
#.# #.#
#)#


There were no monsters in sight!


Message History

You kill the gnoll!
Trog accepts your kill.
You have reached level 2!
You see here a gnoll corpse.
The gnoll corpse is consumed in a column of flame.
HP restored.
There is a stone staircase leading down here.
You climb downwards.
A goblin comes into view. It is wielding a glowing dagger.
The goblin shouts!
There is a stone staircase leading up here.
You closely miss the goblin. The goblin closely misses you.
You closely miss the goblin. The goblin closely misses you.
You closely miss the goblin. The goblin hits you but does no damage.
You are poisoned.
You closely miss the goblin. The goblin hits you but does no damage.
You closely miss the goblin.
You feel sick. The goblin hits you but does no damage.
You are more poisoned.
You hit the goblin.
You kill the goblin!
Trog accepts your kill.
You feel very sick.
Unknown command.
You feel sick.
Things that are here:
a dagger of venom; a goblin corpse Unknown command.
The goblin corpse is consumed in a column of flame.
You feel very sick.
Unknown command.
A kobold comes into view. It is wielding a short sword.
You feel very sick.
The kobold shouts!
You feel sick.
You feel sick.
Drink which item? (? for menu, Esc to quit)
You feel protected.
It was a potion of resistance.
* * * LOW HITPOINT WARNING * * *
You feel very sick.
Drink which item? (? for menu, Esc to quit)
Okay, then.
Drink which item? (? for menu, Esc to quit)
You feel more clever all of a sudden.
It was a potion of brilliance.
* * * LOW HITPOINT WARNING * * *
You feel sick.
You hit the kobold.
You kill the kobold!
Trog accepts your kill.
* * * LOW HITPOINT WARNING * * *
You feel very sick.
* * * LOW HITPOINT WARNING * * *
You feel sick.
Things that are here:
a short sword; a kobold corpse The kobold corpse is slowly consumed by flames.
* * * LOW HITPOINT WARNING * * *
You feel very sick.
* * * LOW HITPOINT WARNING * * *
You feel sick.
You feel a little better.
Unknown command.
* * * LOW HITPOINT WARNING * * *
You feel very sick.
* * * LOW HITPOINT WARNING * * *
You feel sick.
Unknown command.
You die...

Action                   || total
-------------------------++-------
Melee: Hand axe          ||    14
  Use: Potion            ||     2

Vault maps used:
D:1:      lemuel_entry_river_bridge, nemelex_deck

Notes
Turn   | Place    | Note
--------------------------------------------------------------
     0 | D:1      | Bloax, the Formicid Berserker, began the quest for the Orb.
     0 | D:1      | Reached XP level 1. HP: 19/19 MP: 0/0
    92 | D:1      | Reached XP level 2. HP: 22/24 MP: 1/1
   141 | D:2      | HP: 4/24 [poisoned by a goblin]
   144 | D:2      | HP: 1/24 [poisoned by a goblin]
   145 | D:2      | Succumbed to a goblin's poison

Vanquished Creatures
  A gnoll (D:1)
  2 goblins
  2 kobolds
5 creatures vanquished.
